 Dungeon Crawl Stone Soup version 0.29-a0-294-g83ea962da3 (webtiles) character file.

Game seed: 2454775030939438367

25 Ajdolov the Covert (level 3, 0/35 HPs)
             Began as a Gnoll Delver on Mar 18, 2022.
             Was a Follower of Uskayaw.
             Slain by an adder (3 damage)
             ... on level 3 of the Dungeon.
             The game lasted 00:02:48 (838 turns).

Ajdolov the Covert (Gnoll Delver)                    Turns: 838, Time: 00:02:49

Health: 0/35       AC:  5    Str: 13    XL:     3   Next: 4%
Magic:  3/3        EV: 12    Int:  9    God:    Uskayaw [*.....]
Gold:   0          SH:  0    Dex: 13    Spells: 3/3 levels left

rFire   . . .      SeeInvis .   a - +0 mace
rCold   . . .      Faith    .   (no shield)
rNeg    . . .      Spirit   .   i - +0 ring mail
rPois   .          Reflect  .   (no helmet)
rElec   .          Harm     .   (no cloak)
rCorr   .          Rampage  .   (no gloves)
Will    .....                   (no boots)
Stlth   +++.......              (no amulet)
HPRegen 0.11/turn               (no ring)
MPRegen 0.08/turn               (no ring)

@: hasted, very quick
A: fangs 1, strong nose, distributed training
a: Renounce Religion, Stomp


You were on level 3 of the Dungeon.
You worshipped Uskayaw.
Uskayaw was noncommittal.
You visited 2 branches of the dungeon, and saw 4 of its levels.

Inventory:

Hand Weapons
 a - a +0 mace (weapon)
Armour
 i - a +0 ring mail (worn)
Wands
 g - a wand of digging (3)
Scrolls
 c - a scroll of fog
 d - a scroll of magic mapping
 e - 2 scrolls of fear
 h - a scroll of identify {unknown}


   Skills:
 + Level 6.5 Fighting
 + Level 0.5 Short Blades
 + Level 0.5 Long Blades
 + Level 0.5 Axes
 + Level 4.5 Maces & Flails
 + Level 0.5 Polearms
 + Level 0.5 Staves
 + Level 0.5 Slings
 + Level 0.5 Bows
 + Level 0.5 Crossbows
 + Level 0.5 Throwing
 + Level 0.5 Armour
 + Level 4.5 Dodging
 + Level 9.5 Stealth
 + Level 0.5 Shields
 + Level 0.5 Unarmed Combat
 + Level 0.5 Spellcasting
 + Level 0.4 Conjurations
 + Level 0.4 Hexes
 + Level 0.4 Summonings
 + Level 0.4 Necromancy
 + Level 0.4 Translocations
 + Level 0.4 Transmutations
 + Level 0.4 Fire Magic
 + Level 0.4 Ice Magic
 + Level 0.4 Air Magic
 + Level 0.4 Earth Magic
 + Level 0.4 Poison Magic
 + Level 0.7 Invocations
 + Level 0.5 Evocations


You had 3 spell levels left.
You didn't know any spells.
Your spell library was empty.

Dungeon Overview and Level Annotations

Branches:
Dungeon (5/15)             Temple (1/1) D:5

Altars:
Ashenzari
Dithmenos
Elyvilon
Fedhas
Makhleb
Nemelex Xobeh
Qazlal
Ru
Sif Muna
Trog
Uskayaw
Vehumet
Wu Jian
Xom
Yredelemnul
The Shining One

Annotations:
D:5 exclusion: scorpion


Innate Abilities, Weirdness & Mutations

You have very sharp teeth.
Your uncanny sense of smell can sniff out nearby items.
Your experience applies equally to all skills.


Message History

You feel sick. The adder attacks as you move away! The adder barely misses you.
You feel sick. The adder bites you.
You feel sick. The adder bites you but does no damage.
You feel sick.
You are no longer poisoned.
The adder attacks as you move away!
The adder bites you but does no damage. x2
You barely miss the adder.
The adder is moderately wounded.
The adder barely misses you.
You hit the adder. Your bite misses the adder.
The adder is severely wounded.
The adder bites you.
* * * LOW HITPOINT WARNING * * *
You are poisoned.
The adder poisons you! The adder bites you.
* * * LOW HITPOINT WARNING * * *
You miss the adder.
The adder is severely wounded.
You feel sick. The adder barely misses you.
Unknown command.
You hit the adder.
The adder is severely wounded.
You feel sick. The adder bites you but does no damage.
You completely miss the adder. Your bite misses the adder.
The adder is severely wounded.
You feel sick. The adder barely misses you. x2
Unknown command.
You feel yourself speed up.
You feel sick. The adder bites you but does no damage.
You barely miss the adder. You bite the adder, but do no damage.
The adder is severely wounded.
You feel sick.
You are no longer poisoned.
The adder closely misses you.
Unknown command.
You closely miss the adder.
The adder is severely wounded.
The adder bites you.
You die...

∆ ##### ... #.#
#@# # #S# #
#.#K######.#
#..........#
###..........#
..............#
###...........#
..............#
####.#........#


You could see an adder and a kobold.

Vanquished Creatures
  2 adders (D:4)
  A ball python (D:4)
  2 hobgoblins (D:4)
  A quokka (D:4)
6 creatures vanquished.

Notes
Turn   | Place    | Note
-------+----------+-------------------------------------------
     0 | D:5      | Reached skill level 9 in Stealth
     0 | D:5      | Ajdolov the Gnoll Delver began the quest for the Orb.
     0 | D:5      | Reached XP level 1. HP: 23/23 MP: 1/1
     3 | D:5      | Found a staircase to the Ecumenical Temple.
     9 | Temple   | Entered the Ecumenical Temple
   250 | Temple   | Became a worshipper of Uskayaw the Reveller
   318 | D:5      | Noticed a scorpion
   394 | D:4      | Reached * piety under Uskayaw
   419 | D:4      | Reached ** piety under Uskayaw
   434 | D:4      | Reached XP level 2. HP: 14/29 MP: 2/2
   802 | D:4      | Reached *** piety under Uskayaw
   803 | D:4      | Reached XP level 3. HP: 24/35 MP: 3/3
   838 | D:3      | Slain by an adder

Illustrated notes

Levels and vault maps discovered:
D:3:      layout_loops_ring, chequers_ecumenical_altar_island,
          gup_sewer_entry_bubbles, lightli_corner_chamber
D:4:      layout_gridville, minmay_misc_feat_five
D:5:      layout_basic, slow_altar_2, minmay_temple_entry_hall, uniq_ijyb
Temple:   regret_index_temple_sphere_string

Skill      XL: | |
---------------+-+-----
Stealth        | |  9.5
Fighting       | |  6.5
Short Blades   | |  0.5
Long Blades    | |  0.5
Axes           | |  0.5
Maces & Flails | |  4.5
Polearms       | |  0.5
Staves         | |  0.5
Slings         | |  0.5
Bows           | |  0.5
Crossbows      | |  0.5
Throwing       | |  0.5
Armour         | |  0.5
Dodging        | |  4.5
Shields        | |  0.5
Unarmed Combat | |  0.5
Spellcasting   | |  0.5
Conjurations   | |  0.4
Hexes          | |  0.4
Summonings     | |  0.4
Necromancy     | |  0.4
Translocations | |  0.4
Transmutations | |  0.4
Fire Magic     | |  0.4
Ice Magic      | |  0.4
Air Magic      | |  0.4
Earth Magic    | |  0.4
Poison Magic   | |  0.4
Invocations    | |  0.7
Evocations     | |  0.5

Action                   || total
-------------------------++-------
Melee: Mace              ||    50
       Bite              ||     2
  Use: Potion            ||     1
 Stab: Sleeping          ||     5
Armor: Ring mail         ||    21
Dodge: Dodged            ||    30

Table legend: (Time is in decaauts)
 A = Elapsed time spent in this place.
 B = Non-inter-level travel time spent in this place.
 C = Inter-level travel time spent in this place.
 D = Time resting spent in this place.
 E = Time spent auto-exploring this place.
 F = Levels seen in this place.
 G = Mean time per level.
                   A        B        C        D        E       F      G
               +--------+--------+--------+--------+--------+-----+--------+
         Total |    845 |    818 |     27 |    215 |    286 |   4 |  211.2 |
       Dungeon |    576 |    576 |      0 |    215 |    158 |   3 |  192.0 |
        Temple |    269 |    242 |     27 |      0 |    128 |   1 |  269.0 |
               +--------+--------+--------+--------+--------+-----+--------+

Top non-repeatable levels by time:
     D:4: 475 daAuts
  Temple: 269 daAuts
     D:5: 83 daAuts
     D:3: 16 daAuts
